[Event "SVK ECo-C Extraliga 2018-19"]
[Site "Slovakia"]
[Date "2018.12.09"]
[Round "4"]
[White "Vass, Frantisek"]
[Black "Holtman, Teodor"]
[Result "0-1"]
[ECO "A81"]
[WhiteElo "2324"]
[BlackElo "2273"]
[Annotator "NA"]
[PlyCount "176"]
[EventDate "2018.11.10"]
[EventType "team-tourn"]
[EventCountry "SVK"]
[SourceTitle "playchess.com"]
[Source "ChessBase"]
[SourceQuality "1"]
[WhiteTeam "Podhajska"]
[BlackTeam "Snina"]
[TimeControl "40/5400+30:1800+30"]

1. d4 f5 2. g3 Nf6 3. Bg2 g6 4. c4 Bg7 5. Nc3 O-O 6. e3 $11 {[%emt 0:04:36] LiveBook: 14 Games} d6 7. Nge2 c6 8. Rb1 Qc7 9. O-O e5 10. Qc2 Be6 11. b3 Nbd7 12. Rd1 Rad8 13. Ba3 Bf7 14. dxe5 Nxe5 15. Rd2 Be6 16. Rbd1 Nf7 17. Nd4 Bc8 18. b4 Ne5 19. Qb3 Qf7 20. c5 Nc4 21. Rc2 Ng4 22. b5 Ncxe3 23. fxe3 Nxe3 24. Rcd2 Qxb3 25. axb3 Nxd1 26. Rxd1 dxc5 27. Bxc5 Rf7 28. Bxa7 Rfd7 29. Nce2 cxb5 30. Rc1 Bh6 31. Nf4 Rd6 32. Bc5 Ra6 33. Nxb5 Bg7 34. Bd5+ Kh8 35. Be7 Bb2 36. Rc2 Re8 37. Bg5 Be5 38. Kg2 Bd7 39. Bc4 Rc8 40. Re2 Bg7 41. Rd2 Bc6+ 42. Kf2 Rca8 43. Nd6 Ra2 44. Ne2 h6 45. Be3 Rxd2 46. Bxd2 Ra2 47. Be3 Rb2 48. h4 b5 49. Bf7 Be5 50. Ne8 Be4 51. Bxg6 Rxb3 52. Bf7 Rb2 53. Bxh6 Bd4+ 54. Be3 Be5 55. Bf4 Bd4+ 56. Ke1 Rb1+ 57. Kd2 Rb2+ 58. Ke1 Rb1+ 59. Nc1 b4 60. Nd6 Bc2 61. Nb5 Bb2 62. Kd2 Ba4 63. Nd3 Bxb5 64. Nxb4 Bd4 65. Nd3 Rg1 66. Bd5 Bxd3 67. Kxd3 Bf2 68. Be5+ Kh7 69. Be6 Kg6 70. h5+ Kg5 71. Bf4+ Kf6 72. Bd5 Bxg3 73. Bd2 Be5 74. h6 Rg3+ 75. Ke2 Rh3 76. Bg8 f4 77. h7 Kf5 78. Ba5 Bd4 79. Bc4 f3+ 80. Kd3 Ba7 81. Kd2 Bd4 82. Bd3+ Kg4 83. Bc7 f2 84. Be2+ Kf5 85. Bf1 Rxh7 86. Bg3 Rb7 87. Ke2 Rb3 88. Bc7 Re3+ 0-1

[Event "SVK ECo-C Extraliga 2018-19"]
[Site "Slovakia"]
[Date "2018.12.09"]
[Round "4"]
[White "Zvarik, Martin"]
[Black "Bombek, Peter"]
[Result "1-0"]
[ECO "D02"]
[WhiteElo "2310"]
[BlackElo "2217"]
[Annotator "NA"]
[PlyCount "55"]
[EventDate "2018.11.10"]
[EventType "team-tourn"]
[EventCountry "SVK"]
[SourceTitle "playchess.com"]
[Source "ChessBase"]
[SourceQuality "1"]
[WhiteTeam "Zilina"]
[BlackTeam "Dubnica"]
[TimeControl "40/5400+30:1800+30"]

1. d4 d5 2. Nf3 e6 3. g3 Nf6 4. Bg2 b5 5. a4 b4 6. c4 bxc3 7. bxc3 Nbd7 8. O-O Be7 9. c4 O-O 10. cxd5 Nxd5 11. e4 Nb4 12. Re1 a5 13. Nc3 Ba6 14. Be3 Nb6 15. d5 exd5 16. exd5 Nd3 17. Re2 Bf6 18. Bd4 Nb4 19. Rd2 Nc4 20. Bxf6 Qxf6 21. Rd4 Rad8 22. Ne4 Qb6 23. Rc1 Nb2 24. Qd2 Nxa4 25. d6 c5 26. Nf6+ gxf6 27. Rg4+ Kh8 28. Qh6 1-0

[Event "SVK ECo-C Extraliga 2018-19"]
[Site "Slovakia"]
[Date "2018.12.09"]
[Round "4"]
[White "Lisko, Frantisek"]
[Black "Roman, CM Hros"]
[Result "1/2-1/2"]
[ECO "D35"]
[WhiteElo "2275"]
[BlackElo "2205"]
[Annotator "NA"]
[PlyCount "59"]
[EventDate "2018.11.10"]
[EventType "team-tourn"]
[EventCountry "SVK"]
[SourceTitle "playchess.com"]
[Source "ChessBase"]
[SourceQuality "1"]
[WhiteTeam "Dunajov"]
[TimeControl "40/5400+30:1800+30"]

1. d4 Nf6 2. c4 e6 3. Nc3 d5 4. cxd5 exd5 5. Bg5 Be7 6. e3 O-O 7. Bd3 c6 8. Nge2 Nbd7 9. O-O Nh5 10. Bxe7 Qxe7 11. Qc2 g6 12. Rae1 Re8 13. Ng3 Nxg3 14. hxg3 f5 15. g4 fxg4 16. e4 Nf6 17. exd5 Qxe1 18. Rxe1 Rxe1+ 19. Kh2 cxd5 20. Bxg6 Kg7 21. Qd2 Re7 22. Bc2 Be6 23. Ne2 Rc8 24. Ng3 Rc6 25. Bd3 Rf7 26. Qg5+ Kf8 27. Qh6+ Ke7 28. Qg5 Kf8 29. Qh6+ Ke7 30. Qg5 1/2-1/2

[Event "SVK ECo-C Extraliga 2018-19"]
[Site "Slovakia"]
[Date "2018.12.09"]
[Round "4"]
[White "Lisko, Frantisek"]
[Black "Roman, Hros"]
[Result "1/2-1/2"]
[ECO "D35"]
[WhiteElo "2275"]
[BlackElo "2205"]
[Annotator "NA"]
[PlyCount "60"]
[EventDate "2018.11.10"]
[EventType "team-tourn"]
[EventCountry "SVK"]
[SourceTitle "playchess.com"]
[Source "ChessBase"]
[SourceQuality "1"]
[WhiteTeam "Dunajov"]
[BlackTeam "Liptovska"]
[TimeControl "40/5400+30:1800+30"]

1. d4 Nf6 2. c4 e6 3. Nc3 d5 4. cxd5 exd5 5. Bg5 Be7 6. e3 O-O 7. Bd3 c6 8. Nge2 Nbd7 9. O-O Nh5 10. Bxe7 Qxe7 11. Qc2 g6 12. Rae1 Re8 13. Ng3 Nxg3 14. hxg3 f5 15. g4 fxg4 16. e4 Nf6 17. exd5 Qxe1 18. Rxe1 Rxe1+ 19. Kh2 cxd5 20. Bxg6 Kg7 21. Qd2 Re7 22. Bc2 Be6 23. Ne2 Rc8 24. Ng3 Rc6 25. Bd3 Rf7 26. Qg5+ Kf8 27. Qh6+ Ke7 28. Qg5 Kf8 29. Qh6+ Ke7 30. Qg5 Rf8 1/2-1/2

[Event "SVK ECo-C Extraliga 2018-19"]
[Site "Slovakia"]
[Date "2018.12.09"]
[Round "4"]
[White "Janko, Zoltan"]
[Black "Manik, Mikulas"]
[Result "0-1"]
[ECO "B89"]
[WhiteElo "2261"]
[BlackElo "2404"]
[Annotator "NA"]
[PlyCount "60"]
[EventDate "2018.11.10"]
[EventType "team-tourn"]
[EventCountry "SVK"]
[SourceTitle "playchess.com"]
[Source "ChessBase"]
[SourceQuality "1"]
[WhiteTeam "Komarno"]
[BlackTeam "Prakovce"]
[TimeControl "40/5400+30:1800+30"]

1. e4 c5 2. Nf3 d6 3. d4 cxd4 4. Nxd4 Nf6 5. Nc3 Nc6 6. Bc4 e6 7. Be3 a6 8. Bb3 Qc7 {[%emt 0:03:59] LiveBook: 368 Games} 9. Qe2 Na5 10. g4 h6 11. O-O-O b5 12. g5 (12. f3 $11) 12... hxg5 13. Bxg5 Nxb3+ 14. axb3 Bb7 15. f4 b4 16. e5 dxe5 17. fxe5 Nd7 18. Nxe6 fxe6 19. Qg4 Nc5 20. Na4 Qc6 21. Nxc5 Bxc5 22. Bf6 Rf8 23. Qxg7 Rf7 24. Qg8+ Bf8 25. Rhg1 Rc8 26. Rd2 Qe4 27. Kb1 Bd5 28. Rd3 Rxc2 29. Kxc2 Qe2+ 30. Rd2 Be4+ {[%emt 0:00:05] Rh1} 0-1

[Event "SVK ECo-C Extraliga 2018-19"]
[Site "Slovakia"]
[Date "2018.12.09"]
[Round "4"]
[White "Petran, Peter"]
[Black "Machata, Martin"]
[Result "1/2-1/2"]
[ECO "A00"]
[WhiteElo "2256"]
[BlackElo "2195"]
[Annotator "NA"]
[PlyCount "40"]
[EventDate "2018.11.10"]
[EventType "team-tourn"]
[EventCountry "SVK"]
[SourceTitle "playchess.com"]
[Source "ChessBase"]
[SourceQuality "1"]
[WhiteTeam "Slovan"]
[BlackTeam "Modra"]
[TimeControl "40/5400+30:1800+30"]

1. g3 g6 2. Bg2 Bg7 3. d4 d6 4. e4 Nd7 5. Ne2 e5 6. Nbc3 Ngf6 7. h3 O-O 8. Be3 c6 9. a4 Qc7 10. O-O Re8 11. b3 exd4 12. Bxd4 Nc5 13. e5 Rxe5 14. Bxe5 dxe5 15. b4 Ne6 16. b5 Bd7 17. bxc6 Bxc6 18. Qc1 Bxg2 19. Kxg2 Qc6+ 20. f3 Nd4 1/2-1/2

[Event "SVK ECo-C Extraliga 2018-19"]
[Site "Slovakia"]
[Date "2018.12.09"]
[Round "4"]
[White "Maslikova, Veronika"]
[Black "Pcola, Jaroslav"]
[Result "1-0"]
[ECO "B32"]
[WhiteElo "2249"]
[BlackElo "2102"]
[Annotator "NA"]
[PlyCount "85"]
[EventDate "2018.11.10"]
[EventType "team-tourn"]
[EventCountry "SVK"]
[SourceTitle "playchess.com"]
[Source "ChessBase"]
[SourceQuality "1"]
[WhiteTeam "Podhajska"]
[BlackTeam "Snina"]
[TimeControl "40/5400+30:1800+30"]

1. e4 c5 2. Nf3 Nc6 3. d4 cxd4 4. Nxd4 g6 5. Nxc6 bxc6 6. c4 Bg7 7. Nc3 Rb8 8. Qc2 Nf6 9. Be2 Qc7 10. Bf3 O-O 11. O-O a5 12. Rd1 Ba6 13. c5 Rfd8 14. g3 Ne8 15. Rb1 e5 16. b3 Bf8 17. Ba3 Qa7 18. Na4 Nc7 19. Bg4 Nb5 20. Bb2 f6 21. Rd2 d6 22. cxd6 Bxd6 23. Qxc6 Nd4 24. Bxd4 exd4 25. Qd5+ Kg7 26. Qxd4 Qe7 27. Qe3 Bb5 28. Rbd1 Bb4 29. Rxd8 Rxd8 30. Rxd8 Qxd8 31. Nc3 Qd3 32. Nxb5 Qxb5 33. a4 Qe5 34. Be2 Bc5 35. Qd3 Qa1+ 36. Kg2 Qe1 37. Qf3 h5 38. h3 Bd4 39. g4 h4 40. Bc4 g5 41. e5 Qxe5 42. Qb7+ Kh6 43. Bg8 1-0

[Event "SVK ECo-C Extraliga 2018-19"]
[Site "Slovakia"]
[Date "2018.12.09"]
[Round "4"]
[White "Federic, Jozef"]
[Black "Briestensky, Rastislav"]
[Result "1-0"]
[ECO "A80"]
[WhiteElo "2207"]
[BlackElo "2331"]
[Annotator "NA"]
[PlyCount "155"]
[EventDate "2018.11.10"]
[EventType "team-tourn"]
[EventCountry "SVK"]
[SourceTitle "playchess.com"]
[Source "ChessBase"]
[SourceQuality "1"]
[WhiteTeam "Modra"]
[BlackTeam "Slovan"]
[TimeControl "40/5400+30:1800+30"]

1. d4 f5 2. Nc3 Nf6 3. Bg5 d5 4. Bxf6 exf6 5. e3 c6 6. Bd3 Be6 7. h4 Bd6 8. Qf3 Qd7 9. h5 Na6 10. a3 Nc7 11. Nge2 O-O-O 12. Nf4 Bf7 13. Qh3 Bxf4 14. exf4 Be6 15. O-O-O Ne8 16. Rde1 Nd6 17. Na4 b6 18. Ba6+ Kc7 19. Qb3 Rhe8 20. Bd3 Bf7 21. Qb4 Rxe1+ 22. Qxe1 Re8 23. Qd2 Ne4 24. Bxe4 fxe4 25. Qe2 Kb7 26. Nc3 Rc8 27. Nd1 c5 28. dxc5 bxc5 29. Rh3 f5 30. Rb3+ Ka8 31. Qb5 Qxb5 32. Rxb5 d4 33. b4 cxb4 34. axb4 Bxh5 35. Rxf5 Be2 36. Kd2 Bf1 37. g3 Rd8 38. Ke1 Bg2 39. Re5 Bf3 40. Nb2 Rc8 41. Kd2 Rb8 42. c3 dxc3+ 43. Kxc3 Rc8+ 44. Nc4 g6 45. Rc5 Rd8 46. Na5 Rd3+ 47. Kc4 Kb8 48. Re5 Rd2 49. Re7 Rc2+ 50. Kd4 Rd2+ 51. Ke5 a6 52. Rxh7 Rxf2 53. Nc6+ Kc8 54. Ne7+ Kb8 55. Nd5 Re2 56. Kd4 Rd2+ 57. Kc5 Kc8 58. Rg7 Rd3 59. Kc6 Kb8 60. Kb6 Kc8 61. Kc6 Kb8 62. Kb6 Kc8 63. Ne7+ Kd8 64. Nc6+ Ke8 65. Rxg6 Kf8 66. Ne5 Ra3 67. f5 Bh5 68. Rh6 Be2 69. f6 Rxg3 70. f7 Kg7 71. Rh8 Kxh8 72. f8=Q+ Kh7 73. Qf5+ Kg7 74. Qf7+ Kh8 75. Ng6+ Rxg6+ 76. Qxg6 Bd3 77. Qg5 Kh7 78. Kc5 1-0

[Event "SVK ECo-C Extraliga 2018-19"]
[Site "Slovakia"]
[Date "2018.12.09"]
[Round "4"]
[White "Oliver, Trop"]
[Black "Kantorik, Marian"]
[Result "1/2-1/2"]
[ECO "A13"]
[WhiteElo "2207"]
[BlackElo "2223"]
[Annotator "NA"]
[PlyCount "109"]
[EventDate "2018.11.10"]
[EventType "team-tourn"]
[EventCountry "SVK"]
[SourceTitle "playchess.com"]
[Source "ChessBase"]
[SourceQuality "1"]
[BlackTeam "Dunajov"]
[TimeControl "40/5400+30:1800+30"]

1. c4 e6 2. e4 c5 3. Nc3 Nc6 4. Nge2 Nf6 5. f4 d5 6. e5 d4 7. exf6 dxc3 8. dxc3 Qxd1+ 9. Kxd1 gxf6 10. Ng3 b6 11. Nh5 f5 12. Be2 Bb7 13. Rg1 O-O-O+ 14. Kc2 Na5 15. b3 Be4+ 16. Kb2 Be7 17. Be3 Rd7 18. Bf3 Bxf3 19. gxf3 Rd3 20. Rae1 Bh4 21. Re2 Rxe3 22. Rxe3 Bf2 23. Ree1 Bxe1 24. Rxe1 Rg8 25. Re2 Rg1 26. Rf2 Nc6 27. Kc2 Kd8 28. Kd3 Ke7 29. Ke3 h6 30. Rd2 a5 31. Rb2 f6 32. Ng3 Re1+ 33. Kd2 Rg1 34. Ke3 Re1+ 35. Kd2 Ra1 36. a4 Rg1 37. Ke3 Ra1 38. Ke2 Kd6 39. Kd3 Nd8 40. Nh5 Rd1+ 41. Ke3 Re1+ 42. Kd2 Rh1 43. Ke3 Ke7 44. Ng3 Ra1 45. Kd3 Nb7 46. Rg2 Nd6 47. Nh5 Rd1+ 48. Ke3 Rb1 49. Rg7+ Nf7 50. Rg6 Rxb3 51. Kd3 Rb2 52. Nxf6 Rxh2 53. Ng8+ Kf8 54. Nf6 Ke7 55. Ng8+ 1/2-1/2

[Event "SVK ECo-C Extraliga 2018-19"]
[Site "Slovakia"]
[Date "2018.12.09"]
[Round "4"]
[White "Bottyan, Peter"]
[Black "Jacko, Vladimir"]
[Result "1/2-1/2"]
[ECO "A46"]
[WhiteElo "2187"]
[BlackElo "2330"]
[Annotator "NA"]
[PlyCount "151"]
[EventDate "2018.11.10"]
[EventType "team-tourn"]
[EventCountry "SVK"]
[SourceTitle "playchess.com"]
[Source "ChessBase"]
[SourceQuality "1"]
[WhiteTeam "Komarno"]
[BlackTeam "Prakovce"]
[TimeControl "40/5400+30:1800+30"]

1. d4 Nf6 2. Nf3 e6 3. Bg5 c5 4. Nc3 cxd4 $11 {[%emt 0:07:10] LiveBook: 24 Games} 5. Nxd4 Nc6 6. e3 d5 7. Be2 Be7 8. O-O O-O 9. Nxc6 bxc6 10. Bf4 Bd6 11. Bxd6 Qxd6 12. Bf3 e5 13. g3 Rd8 14. Ne2 Ba6 15. Re1 Qe6 16. Nc3 Qf5 17. Be2 Bb7 18. Qd3 Qe6 19. Na4 Qe7 20. Qc3 Ne4 21. Qa5 Ng5 22. Nc5 Bc8 23. h4 Ne6 24. Nxe6 Bxe6 25. c4 Qf6 26. Rad1 Qe7 27. Bf1 Rd6 28. cxd5 cxd5 29. a3 Rad8 30. b4 Bg4 31. Rc1 g6 32. Rc5 Qf6 33. b5 d4 34. Qb4 Bf3 35. exd4 exd4 36. Qd2 Ba8 37. Bg2 Bxg2 38. Kxg2 d3 39. Rce5 Rd5 40. Re8+ Kg7 41. Rxd8 Rxd8 42. Re3 Qd4 43. Kh2 h5 44. a4 Rd5 45. a5 Kh7 46. a6 Qc4 47. b6 Qxa6 48. bxa7 Qxa7 49. Rxd3 Rxd3 50. Qxd3 Qxf2+ 51. Kh1 Kh6 52. Qc3 Qf1+ 53. Kh2 Kh7 54. Qe5 Qa6 55. Qc3 Qe6 56. Qc7 Kg7 57. Qc3+ f6 58. Qc7+ Kh6 59. Qf4+ g5 60. hxg5+ fxg5 61. Qb8 g4 62. Qf4+ Kg6 63. Qb8 Qe2+ 64. Kg1 Qd1+ 65. Kh2 Qd2+ 66. Kg1 Qe3+ 67. Kh2 Kf5 68. Qf8+ Ke4 69. Qe8+ Kf3 70. Qf7+ Ke2 71. Qxh5 Qf2+ 72. Kh1 Qf3+ 73. Kh2 Qf2+ 74. Kh1 Kf3 75. Qf5+ Kxg3 76. Qxg4+ 1/2-1/2

[Event "SVK ECo-C Extraliga 2018-19"]
[Site "Slovakia"]
[Date "2018.12.09"]
[Round "4"]
[White "Lintner, Igor"]
[Black "Csonka, Attila Istvan"]
[Result "0-1"]
[ECO "B49"]
[WhiteElo "2161"]
[BlackElo "2352"]
[Annotator "NA"]
[PlyCount "70"]
[EventDate "2018.11.10"]
[EventType "team-tourn"]
[EventCountry "SVK"]
[SourceTitle "playchess.com"]
[Source "ChessBase"]
[SourceQuality "1"]
[WhiteTeam "Osuske"]
[TimeControl "40/5400+30:1800+30"]

1. e4 c5 2. Nf3 e6 3. d4 cxd4 4. Nxd4 Nc6 5. Nc3 Qc7 6. Be2 a6 7. Be3 Nf6 8. O-O b5 9. a3 Bb7 10. Kh1 Rc8 $11 11. f4 h5 12. Nxc6 Bxc6 13. Bf3 b4 14. axb4 Bxb4 15. Rxa6 Bxc3 16. Ra7 Qd8 17. bxc3 Bxe4 18. Bxe4 Nxe4 19. Bb6 Qe7 20. Ba5 O-O 21. Bb4 Qh4 22. Qe1 Qxe1 23. Rxe1 Nc5 24. Re5 d6 25. Rxh5 Ne4 26. Rb5 Nxc3 27. Rbb7 Ne4 28. Rc7 Rxc7 29. Rxc7 Rb8 30. Rc4 d5 31. Rd4 Rc8 32. h3 Rxc2 33. Kh2 Rc4 34. Rxc4 dxc4 35. Kg1 c3 0-1

[Event "SVK ECo-C Extraliga 2018-19"]
[Site "Slovakia"]
[Date "2018.12.09"]
[Round "4"]
[White "Kopera, Michal"]
[Black "Kovacik, Emil"]
[Result "*"]
[ECO "C47"]
[WhiteElo "2152"]
[BlackElo "2060"]
[Annotator "NA"]
[PlyCount "21"]
[EventDate "2018.11.10"]
[EventType "team-tourn"]
[EventCountry "SVK"]
[SourceTitle "playchess.com"]
[Source "ChessBase"]
[SourceQuality "1"]
[WhiteTeam "Zilina"]
[BlackTeam "Dubnica"]
[TimeControl "40/5400+30:1800+30"]

1. e4 e5 2. Nf3 Nc6 3. Nc3 Nf6 4. d4 exd4 5. Nxd4 Bb4 6. Nxc6 bxc6 7. Bd3 d5 8. exd5 cxd5 9. O-O O-O 10. Bg5 Be7 11. Re1 *

[Event "SVK ECo-C Extraliga 2018-19"]
[Site "Slovakia"]
[Date "2018.12.09"]
[Round "4"]
[White "Kovacik, Emil"]
[Black "Kopera, Michal"]
[Result "1/2-1/2"]
[ECO "C47"]
[WhiteElo "2060"]
[BlackElo "2152"]
[Annotator "NA"]
[PlyCount "51"]
[EventDate "2018.11.10"]
[EventType "team-tourn"]
[EventCountry "SVK"]
[SourceTitle "playchess.com"]
[Source "ChessBase"]
[SourceQuality "1"]
[WhiteTeam "Dubnica"]
[BlackTeam "Zilina"]
[TimeControl "40/5400+30:1800+30"]

1. e4 e5 2. Nf3 Nc6 3. Nc3 Nf6 4. d4 exd4 5. Nxd4 Bb4 6. Nxc6 bxc6 7. Bd3 d5 8. exd5 cxd5 9. O-O O-O 10. Bg5 Be7 11. Re1 Be6 12. Ne2 h6 13. Bh4 c5 14. c3 Qc7 15. Bc2 Rfe8 16. Qd3 Ne4 17. Bxe7 Rxe7 18. Ng3 Rae8 19. Red1 g6 20. Ba4 Rb8 21. b3 Nf6 22. Qd2 Kg7 23. Rac1 h5 24. Qg5 Rh8 25. Re1 h4 26. Ne2 1/2-1/2

[Event "SVK ECo-C Extraliga 2018-19"]
[Site "Slovakia"]
[Date "2019.02.16"]
[Round "5"]
[White "Kriebel, Tadeas"]
[Black "Motuz, Karol"]
[Result "0-1"]
[ECO "C11"]
[WhiteElo "2513"]
[BlackElo "2369"]
[Annotator "ChessBase"]
[PlyCount "76"]
[EventDate "2018.11.10"]
[EventType "team-tourn"]
[EventCountry "SVK"]
[SourceTitle "playchess.com"]
[Source "ChessBase"]
[SourceQuality "1"]
[WhiteTeam "Snina"]
[BlackTeam "Dubnica"]
[TimeControl "40/5400+30:1800+30"]

1. e4 e6 2. d4 d5 3. Nc3 Nf6 4. e5 Nfd7 5. f4 c5 6. Nf3 Nc6 7. Be3 Be7 8. Qd2 b6 9. Be2 O-O 10. O-O f5 11. dxc5 Nxc5 12. Bb5 Bb7 13. Bxc6 Bxc6 14. Nd4 Qc8 15. b4 Ne4 16. Nxe4 dxe4 17. c4 Rd8 18. Qb2 Be8 19. Qb3 Rb8 20. Rab1 Rb7 21. Rfc1 Kf7 22. Bf2 Rc7 23. Rc3 Qa6 24. a3 Ba4 25. Qa2 Rcd7 26. Qe2 Rxd4 27. Bxd4 Rxd4 28. Qh5+ Kg8 29. Rh3 h6 30. Qg6 Qxc4 31. Rxh6 Rd2 32. h3 Qa2 33. Rc1 Rxg2+ 34. Qxg2 Qxg2+ 35. Kxg2 gxh6 36. Rc7 Bh4 37. Rxa7 Bb5 38. a4 e3 0-1

[Event "SVK ECo-C Extraliga 2018-19"]
[Site "Slovakia"]
[Date "2019.02.16"]
[Round "5"]
[White "Vykouk, Jan"]
[Black "Cibickova, Zuzana"]
[Result "1-0"]
[ECO "C55"]
[WhiteElo "2438"]
[BlackElo "2243"]
[Annotator "NA"]
[PlyCount "119"]
[EventDate "2018.11.10"]
[EventType "team-tourn"]
[EventCountry "SVK"]
[SourceTitle "playchess.com"]
[Source "ChessBase"]
[SourceQuality "1"]
[WhiteTeam "Osuske"]
[BlackTeam "Komarno"]
[TimeControl "40/5400+30:1800+30"]

1. e4 e5 2. Nf3 Nc6 3. Bc4 Nf6 4. d3 Be7 5. O-O O-O 6. Re1 d6 7. c3 Na5 8. Bb5 a6 9. Ba4 b5 10. Bc2 c5 11. Nbd2 Nc6 12. Nf1 h6 13. Ng3 Re8 14. h3 Be6 15. d4 cxd4 16. cxd4 exd4 17. Nxd4 Nxd4 18. Qxd4 Rc8 19. Qd1 Qc7 20. Bd3 d5 21. e5 Nd7 22. Qh5 Nc5 23. Bb1 Bf8 24. Bd2 d4 25. f4 Bd5 26. Qg4 Kh8 27. Bf5 Be6 28. Bxe6 Rxe6 29. Rac1 Rc6 30. Bb4 a5 31. Bxc5 Bxc5 32. Kh1 Bf8 33. Rxc6 Qxc6 34. Rd1 Rd8 35. Qf5 Qd5 36. Qd3 Qxa2 37. Qxb5 d3 38. Ne4 Qd5 39. Qxd5 Rxd5 40. g3 Rd4 41. Nf2 d2 42. Kg2 Bb4 43. Kf3 a4 44. Ke3 Rc4 45. Kd3 Rc8 46. Ke2 Ba5 47. Nd3 h5 48. f5 Kh7 49. Rf1 Rc4 50. Ke3 Rc6 51. Kd4 Rc8 52. Rd1 Bb6+ 53. Kd5 Be3 54. e6 fxe6+ 55. fxe6 Kg8 56. Ne5 Bg5 57. Nc6 Re8 58. h4 Be3 59. Kd6 Bf2 60. Kd7 1-0

[Event "SVK ECo-C Extraliga 2018-19"]
[Site "Slovakia"]
[Date "2019.02.16"]
[Round "5"]
[White "Piesik, Piotr"]
[Black "Mrva, Martin"]
[Result "1/2-1/2"]
[ECO "A41"]
[WhiteElo "2420"]
[BlackElo "2419"]
[Annotator "NA"]
[PlyCount "162"]
[EventDate "2018.11.10"]
[EventType "team-tourn"]
[EventCountry "SVK"]
[SourceTitle "playchess.com"]
[Source "ChessBase"]
[SourceQuality "1"]
[WhiteTeam "Dubnica"]
[BlackTeam "Snina"]
[TimeControl "40/5400+30:1800+30"]

1. d4 d6 2. Nf3 a6 3. e4 Nf6 4. Nbd2 g6 5. Bd3 Bg7 6. O-O O-O 7. Qe2 Nc6 8. c3 Re8 9. b4 e5 10. d5 Ne7 11. c4 c6 12. Bb2 cxd5 13. cxd5 Nexd5 14. exd5 Nxd5 15. Rfe1 Nf4 16. Qf1 Nxd3 17. Qxd3 e4 18. Nxe4 Bxb2 19. Nxd6 Rxe1+ 20. Rxe1 Be6 21. Qc2 Bg7 22. Nxb7 Qd5 23. Nc5 Qxa2 24. Qd3 Qc4 25. Qe3 Bd5 26. Rb1 Rd8 27. h3 Ba8 28. Qe7 Rf8 29. Nd7 Qe4 30. Qxe4 Bxe4 31. Re1 Rd8 32. Rxe4 Rxd7 33. Re8+ Bf8 34. Ra8 Rd6 35. Ne5 Kg7 36. Ra7 Rd1+ 37. Kh2 Bxb4 38. Rxf7+ Kg8 39. Ra7 a5 40. Nc6 Bd6+ 41. g3 Rd2 42. Kg2 Bc5 43. Rxa5 Rxf2+ 44. Kh1 Bd6 45. Ne5 Re2 46. Ra8+ Kg7 47. Ra7+ Kf6 48. Ng4+ Ke6 49. Rxh7 Bxg3 50. Rb7 g5 51. Rb3 Bf4 52. Rf3 Ra2 53. Nf2 Kf5 54. Kg1 Rc2 55. Kf1 Rc4 56. Kg2 Kg6 57. Nd3 Bd6 58. Re3 Rd4 59. Ne5+ Kf5 60. Nf3 Rb4 61. Rd3 Bf4 62. Rd5+ Kf6 63. Nd4 Rb2+ 64. Kf3 Be5 65. Ne2 Rb4 66. Rd3 Kg6 67. Ng3 Rb1 68. Re3 Bf4 69. Ra3 Rb6 70. Rd3 Be5 71. Re3 Bd4 72. Re2 Bc5 73. Ne4 Rb3+ 74. Kg2 Be3 75. Nd2 Rc3 76. Ne4 Ra3 77. Kf3 Bf4+ 78. Kg4 Ra1 79. h4 Rg1+ 80. Kf3 Kf5 81. hxg5 Ke5 1/2-1/2

[Event "SVK ECo-C Extraliga 2018-19"]
[Site "Slovakia"]
[Date "2019.02.16"]
[Round "5"]
[White "Mikrut, Dariusz"]
[Black "Kantorik, Marian"]
[Result "1/2-1/2"]
[ECO "D35"]
[WhiteElo "2380"]
[BlackElo "2224"]
[Annotator "NA"]
[PlyCount "39"]
[EventDate "2018.11.10"]
[EventType "team-tourn"]
[EventCountry "SVK"]
[SourceTitle "playchess.com"]
[Source "ChessBase"]
[SourceQuality "1"]
[WhiteTeam "Prakovce"]
[BlackTeam "Dunajov"]
[TimeControl "40/5400+30:1800+30"]

1. d4 d5 2. c4 e6 3. cxd5 exd5 4. Nc3 Nf6 5. Bg5 Be7 6. e3 O-O 7. Bd3 Nbd7 8. Qc2 c6 9. Nge2 Re8 10. h3 Nf8 11. g4 b5 12. O-O-O a5 13. Kb1 a4 14. Ng3 h6 15. Bxf6 Bxf6 16. Nce2 Bd7 17. e4 dxe4 18. Bxe4 b4 19. Qc4 Qb6 20. f3 1/2-1/2

[Event "SVK ECo-C Extraliga 2018-19"]
[Site "Slovakia"]
[Date "2019.02.16"]
[Round "5"]
[White "Jurcik, Martin"]
[Black "Manik, Mikulas"]
[Result "1/2-1/2"]
[ECO "A05"]
[WhiteElo "2346"]
[BlackElo "2384"]
[Annotator "NA"]
[PlyCount "30"]
[EventDate "2018.11.10"]
[EventType "team-tourn"]
[EventCountry "SVK"]
[SourceTitle "playchess.com"]
[Source "ChessBase"]
[SourceQuality "1"]
[WhiteTeam "Dunajov"]
[BlackTeam "Prakovce"]
[TimeControl "40/5400+30:1800+30"]

1. Nf3 Nf6 2. c4 g6 3. b3 Bg7 4. Bb2 O-O 5. g3 d6 6. d4 Bf5 7. Bg2 Nc6 8. O-O Qc8 9. d5 Na5 10. Bc3 b6 11. Re1 c6 12. dxc6 Nxc6 13. Nd4 Be4 14. f3 Nxd4 15. Bxd4 e5 1/2-1/2

[Event "SVK ECo-C Extraliga 2018-19"]
[Site "Slovakia"]
[Date "2019.02.16"]
[Round "5"]
[White "Jakab, Bela"]
[Black "Cvek, Robert"]
[Result "1/2-1/2"]
[ECO "B22"]
[WhiteElo "2305"]
[BlackElo "2512"]
[Annotator "ChessBase"]
[PlyCount "29"]
[EventDate "2018.11.10"]
[EventType "team-tourn"]
[EventCountry "SVK"]
[SourceTitle "playchess.com"]
[Source "ChessBase"]
[SourceQuality "1"]
[WhiteTeam "Komarno"]
[BlackTeam "Osuske"]
[TimeControl "40/5400+30:1800+30"]

1. e4 c5 2. c3 Nf6 3. e5 Nd5 4. d4 cxd4 5. Nf3 e6 6. cxd4 b6 7. Nc3 Nxc3 8. bxc3 Qc7 9. Bd2 d6 10. Bd3 Bb7 11. O-O Nd7 12. Re1 dxe5 13. Nxe5 Nxe5 14. Rxe5 Bd6 15. Rd5 1/2-1/2

[Event "SVK ECo-C Extraliga 2018-19"]
[Site "Slovakia"]
[Date "2019.02.16"]
[Round "5"]
[White "Krak, Tomas"]
[Black "Vojtek, Vladimir"]
[Result "0-1"]
[ECO "B90"]
[WhiteElo "2304"]
[BlackElo "2282"]
[Annotator "NA"]
[PlyCount "58"]
[EventDate "2018.11.10"]
[EventType "team-tourn"]
[EventCountry "SVK"]
[SourceTitle "playchess.com"]
[Source "ChessBase"]
[SourceQuality "1"]
[WhiteTeam "Snina"]
[BlackTeam "Dubnica"]
[TimeControl "40/5400+30:1800+30"]

1. e4 c5 2. Nf3 d6 3. d4 cxd4 4. Nxd4 Nf6 5. Nc3 a6 6. Be3 e5 7. Nb3 Be6 8. h3 Nbd7 9. f4 exf4 10. Bxf4 Qb6 11. Qe2 Be7 12. O-O-O O-O 13. g4 Ne5 14. g5 Nfd7 15. Kb1 Rac8 16. Nd5 Bxd5 17. Rxd5 f6 18. h4 fxg5 19. Be3 Qd8 20. hxg5 Bxg5 21. Bh3 Bxe3 22. Qxe3 Qf6 23. Nd4 Rce8 24. Bf5 g6 25. Qh3 Re7 26. Be6+ Kh8 27. Rxd6 Nc5 28. a3 Nxe4 29. Rb6 Nf2 0-1

[Event "SVK ECo-C Extraliga 2018-19"]
[Site "Slovakia"]
[Date "2019.02.16"]
[Round "5"]
[White "Kukel, Imre"]
[Black "Istona, Martin"]
[Result "1-0"]
[ECO "B38"]
[WhiteElo "2292"]
[BlackElo "2269"]
[Annotator "NA"]
[PlyCount "69"]
[EventDate "2018.11.10"]
[EventType "team-tourn"]
[EventCountry "SVK"]
[SourceTitle "playchess.com"]
[Source "ChessBase"]
[SourceQuality "1"]
[WhiteTeam "Komarno"]
[BlackTeam "Osuske"]
[TimeControl "40/5400+30:1800+30"]

1. e4 c5 2. Nf3 Nc6 3. d4 cxd4 4. Nxd4 g6 5. c4 Bg7 6. Be3 Nf6 7. Nc3 d6 8. Be2 O-O 9. O-O Nxd4 10. Bxd4 Bd7 11. Qd2 a5 12. b3 Bc6 13. f3 Nd7 14. Be3 Nc5 15. Rab1 Be5 16. Nd5 e6 17. Nf4 Qe7 18. a3 a4 19. b4 Nb3 20. Qd3 Qf6 21. g3 Rfc8 22. Bd1 Bd4 23. Bxb3 Bxe3+ 24. Qxe3 axb3 25. Rxb3 g5 26. Nh3 h6 27. Nf2 b5 28. c5 dxc5 29. bxc5 Ra4 30. Rb4 Rxb4 31. axb4 Qb2 32. Nd3 Qb3 33. Qd4 Ra8 34. Ne5 Be8 35. Ng4 1-0